cohdb
Replays
Latest Replays
All Replays
Popular Replays
Top Player Replays
Match Explorer
How It Works
Community
CoH3 Stats
Reddit
Sign in to upload your games and track your stats! →
Sign in with Steam
Match 45675993
Unlisted
Match 45675993
Overview
Messages
Build Orders
End
Construct Infanterie Kompanie
Selects Terror Battlegroup
Selects Terror Battlegroup
Selects Machine Gun Camouflage
Kettenkrad Recon Vehicle
MG 42 Machine Gun Team
Grenadier Squad
Grenadier Squad
Construct Panzergrenadier Kompanie
251 Medium Carrier
Panzergrenadier Squad
Kettenkrad Recon Vehicle
Selects Contempt for the Weak
Medical Station
Pak 40 Anti-tank Gun Team
Pak 40 Anti-tank Gun Team
Construct Panzer Kompanie
Selects Jericho Trumpet
Jericho Trumpet
Panzer IV Medium Tank
Stoßtruppen Squad
bibotot1995
Xufe
Bego
aSIIDemolitionHammer
0
0
Comments
sign in to comment!
No comments posted yet!